 Dungeon Sprint DCSS version 0.31-a0-18-gea43df2a32 (webtiles) character file.

Game seed: 2926414037625443374

16536 bmack86 the Severer (level 12, -4/195 HPs)
             Began as a Minotaur Berserker on May 11, 2023.
             Was a High Priest of Trog.
             Slain by the 26-headed Lernaean hydra (7 damage)
             ... in the Dungeon (Sprint I: "Red Sonja").
             The game lasted 00:32:15 (2853 turns).

bmack86 the Severer (Minotaur Berserker)            Turns: 2853, Time: 00:32:15

Health: -4/195     AC: 32    Str: 25    XL:     12   Next: 10%
Magic:  0/4        EV:  7    Int:  8    God:    Trog [*****.]
Gold:   934        SH: 21    Dex: 10    Spells: 11/11 levels left

rFire   + . .        e - +5 broad axe (antimagic)
rCold   + . .        u - +2 tower shield "Nofrea" {+Blink Will+}
rNeg    . . .        z - +2 plate armour {rPois}
rPois   +            (helmet restricted)
rElec   .            p - +2 cloak of the Thief {*Fog Slay-2 SInv Stlth+}
rCorr   .            v - +2 pair of gloves {infuse}
SInv    +            m - +2 pair of boots
Will    ++...        y - amulet "Istrodeo" {Reflect rF+ rC+ SH+5 Stlth-} Stlth
                     A - ring of flight
HPRegen 0.52/turn    E - +4 ring of slaying
MPRegen 0.09/turn

%: no teleportation, reflection
@: berserking (expiring), flying, very quick
A: horns 2, retaliatory headbutt, clever 1, high MP 1, strong-willed 1
a: Renounce Religion, Evoke Blink, Berserk, Trog's Hand, Brothers in Arms


You were in the Dungeon.
You worshipped Trog.
Trog was extremely pleased with you.
You visited 1 branch You collected 5409 gold pieces.
You spent 4475 gold pieces at shops.

Inventory:

Hand Weapons
 a - a +0 hand axe
 b - a +3 scythe of venom
 e - a +5 antimagic broad axe (weapon)
 g - the +11 executioner's axe of Morality {flame, rElec rPois}
   (Trog gifted it to you in the Dungeon)

   rElec:     It insulates you from electricity.
   rPois:     It protects you from poison.
 k - the +8 Wrath of Trog {antimagic, *Rage Rampage}
   (You acquired it in the Dungeon)

   It causes slowness and exhaustion when equipped.
   It extends the wielder's berserk rage when killing foes.
   *Rage:     It berserks you when you make melee attacks (+50% chance).
   Rampage:   It bestows one free step when moving towards enemies.
Missiles
 l - 5 curare-tipped darts
Armour
 j - a +0 leather armour
 m - a +2 pair of boots (worn)
 p - the +2 cloak of the Thief (worn) {*Fog Slay-2 SInv Stlth+}
   (You bought it in a shop in the Dungeon)

   *Fog:      It may release a thick cloud of smoke when the wearer is hurt.
   Slay:      It affects your accuracy & damage with ranged weapons and melee
   (-2).
   SInv:      It lets you see invisible.
   Stlth:     It makes you more stealthy.
 r - a +3 ring mail
 u - the +2 tower shield "Nofrea" (worn) {+Blink Will+}
   (You bought it in a shop in the Dungeon)

   +Blink:    It lets you blink.
   Will:      It increases your willpower.
 v - a +2 pair of gloves of infusion (worn)
 z - a +2 plate armour of poison resistance (worn)
 F - +0 shadow dragon scales
Jewellery
 s - a +6 ring of intelligence
 y - the amulet "Istrodeo" (around neck) {Reflect rF+ rC+ SH+5 Stlth-}
   (You acquired it in the Dungeon)

   [amulet of reflection]

   It reflects blocked missile attacks.
   rF:        It protects you from fire.
   rC:        It protects you from cold.
   SH:        It affects your SH (+5).
   Stlth:     It makes you less stealthy.
 A - a ring of flight (left hand)
 D - an amulet of guardian spirit
 E - a +4 ring of slaying (right hand)
Wands
 i - a wand of paralysis (2) (quivered)
 n - a wand of digging (4)
 x - a wand of polymorph (1)
Scrolls
 o - a scroll of fog
 B - 4 scrolls of identify
Potions
 c - 4 potions of curing
 d - 4 potions of heal wounds
 f - 2 potions of magic
 q - a potion of resistance
 t - a potion of mutation
 w - a potion of ambrosia
 C - a potion of attraction


   Skills:
 + Level 19.1 Fighting
 + Level 19.1 Axes
 - Level 10.0 Throwing
 + Level 18.9 Armour
 - Level 2.1 Dodging
 + Level 8.8 Shields
 - Level 8.0 Evocations


You had 11 spell levels left.
You didn't know any spells.
Your spell library was empty.

Dungeon Overview and Level Annotations

Branches:
Dungeon (1/1)

Altars:
Cheibriados
Dithmenos
Elyvilon
Fedhas
Gozag
Hepliaklqana
Kikubaaqudgha
Makhleb
Nemelex Xobeh
Okawaru
Qazlal
Ru
Sif Muna
Trog
Uskayaw
Vehumet
Wu Jian
Xom
Yredelemnul
Zin
The Shining One
Jiyva
Lugonu

Shops:
D *?[!(([(([(?=*([=(

Annotations:
D Lernaean hydra


Innate Abilities, Weirdness & Mutations

You have a pair of horns on your head.
You reflexively headbutt those who attack you in melee.
Your mind is acute. (Int +4, Str/Dex -1)
You have an increased reservoir of magic. (+10% MP)
You are strong-willed. (Will+)


Message History

You slice the 26-headed Lernaean hydra!!
Your headbutt misses the 26-headed Lernaean hydra.
The 26-headed Lernaean hydra is heavily wounded.
The 26-headed Lernaean hydra bites you but does no damage.
You block the 26-headed Lernaean hydra's attack.
The 26-headed Lernaean hydra bites you but does no damage.
You block the 26-headed Lernaean hydra's attack.
The 26-headed Lernaean hydra barely misses you.
The 26-headed Lernaean hydra bites you but does no damage. x3
You block the 26-headed Lernaean hydra's attack.
The 26-headed Lernaean hydra bites you but does no damage. x2
The 26-headed Lernaean hydra completely misses you.
The 26-headed Lernaean hydra bites you.
* * * LOW HITPOINT WARNING * * *
You block the 26-headed Lernaean hydra's attack.
The 26-headed Lernaean hydra bites you!
* * * LOW HITPOINT WARNING * * *
The 26-headed Lernaean hydra bites you!
* * * LOW HITPOINT WARNING * * *
You block the 26-headed Lernaean hydra's attack.
The 26-headed Lernaean hydra bites you!
* * * LOW HITPOINT WARNING * * *
The 26-headed Lernaean hydra bites you but does no damage. x2
You block the 26-headed Lernaean hydra's attack.
The 26-headed Lernaean hydra bites you but does no damage.
The 26-headed Lernaean hydra bites you!
* * * LOW HITPOINT WARNING * * *
The 26-headed Lernaean hydra bites you but does no damage. x3
Unknown command.
You are too berserk!
You hack one of the 26-headed Lernaean hydra's heads off!
The 25-headed Lernaean hydra grows two more!
You slash the 27-headed Lernaean hydra!
The 27-headed Lernaean hydra is heavily wounded.
Unknown command.
You chop one of the 27-headed Lernaean hydra's heads off!
You slash the 26-headed Lernaean hydra!
The 26-headed Lernaean hydra is severely wounded.
The 26-headed Lernaean hydra bites you!
You die...

###..#.....|§.§...#°#
*,+..##.§........##$#
*,##'##..........#$$#
*,#~~~##........##$$#
*,#~~~~##..[...##$$°#
,,#~~~~~########..°°#
####~~~~#~~~~~#....○#
#..#'~~~'~~.~~+.○○○.#
#§$$##~~#~~~~~#○@~°○#
#$$$$######'#####D~°#
#$$$$#~~~≈≈≈≈≈~~##~~#
######*~~~~~~~≈~~≈≈~#
+,,*,,+$e.~~~~~~~#≈≈#
*,,+,,#$$$,,,,,~~~#≈#
******####****##*####


You could see the 26-headed Lernaean hydra.

Vanquished Creatures
  A lorocyproca (D)
  A deep elf annihilator (D)
  A mummy priest (D)
  A hydra (D)
  2 centaur warriors (D)
  Sonja (D)
  A deep troll (D)
  A lindwurm (D)
  2 oklob plants (D)
  2 merfolk sirens (D)
  A demonic crawler (D)
  A gargoyle (D)
  An unseen horror (D)
  2 kobold demonologists (D)
  A meliai (D)
  A hellwing (D)
  5 hornets (D)
  A slime creature (D)
  Sigmund (D)
  A yak (D)
  2 redbacks (D)
  3 floating eyes (D)
  An ogre (D)
  2 jellies (D)
  Ijyb (D)
37 creatures vanquished.

Vanquished Creatures (collateral kills)
  A golden dragon (D)
  A shadow dragon (D)
  3 demonic crawlers (D)
  An unseen horror (D)
  13 hogs (D)
  7 necrophages (D)
  6 jellies (D)
32 creatures vanquished.

Vanquished Creatures (others)
  A gargoyle (D)
  2 ballistomycete spores (D)
3 creatures vanquished.

Grand Total: 72 creatures vanquished

Notes
Turn   | Place    | Note
-------+----------+-------------------------------------------
     0 | D        | bmack86 the Minotaur Berserker began the quest for the Orb.
     0 | D        | Reached XP level 1. HP: 19/19 MP: 0/0
     2 | D        | Noticed Ijyb
     7 | D        | Killed Ijyb
     8 | D        | Reached skill level 5 in Fighting
     8 | D        | Reached skill level 5 in Axes
     8 | D        | Reached XP level 2. HP: 29/29 MP: 1/1
    57 | D        | Noticed an ogre
    64 | D        | Killed an ogre
    65 | D        | Reached XP level 3. HP: 5/38 MP: 2/2
    65 | D        | Reached XP level 4. HP: 6/45 MP: 3/3
   206 | D        | Noticed Sigmund
   214 | D        | Killed Sigmund
   214 | D        | Reached ** piety under Trog
   215 | D        | Reached XP level 5. HP: 56/56 MP: 4/4
   297 | D        | Found a burning altar of Makhleb.
   297 | D        | Found a viscous altar of Jiyva.
   297 | D        | Found a shimmering altar of Xom.
   297 | D        | Found a corrupted altar of Lugonu.
   297 | D        | Noticed a slime creature
   307 | D        | Killed a slime creature
   308 | D        | Reached skill level 5 in Evocations
   308 | D        | Reached XP level 6. HP: 15/64 MP: 5/5
   459 | D        | Found an ornate altar of the Wu Jian Council.
   459 | D        | Found a shimmering blue altar of Sif Muna.
   461 | D        | Found a radiant altar of Vehumet.
   495 | D        | Found Uwnitwim's Magic Scroll Emporium.
   495 | D        | Found an ancient bone altar of Kikubaaqudgha.
   495 | D        | Found a hazy altar of Hepliaklqana.
   495 | D        | Found a stormy altar of Qazlal.
   495 | D        | Found a hide-covered altar of Uskayaw.
   495 | D        | Found a blossoming altar of Fedhas.
   495 | D        | Found a bloodstained altar of Trog.
   495 | D        | Found an iron altar of Okawaru.
   495 | D        | Found a basalt altar of Yredelemnul.
   495 | D        | Found a glowing golden altar of the Shining One.
   495 | D        | Found a snail-covered altar of Cheibriados.
   495 | D        | Found a sacrificial altar of Ru.
   495 | D        | Found a glowing silver altar of Zin.
   495 | D        | Found a shadowy altar of Dithmenos.
   495 | D        | Found a white marble altar of Elyvilon.
   495 | D        | Noticed a yak
   503 | D        | Killed a yak
   504 | D        | Reached skill level 10 in Fighting
   504 | D        | Reached skill level 10 in Axes
   504 | D        | Reached XP level 7. HP: 72/72 MP: 6/6
   504 | D        | Found an opulent altar of Gozag.
   505 | D        | Found a sparkling altar of Nemelex Xobeh.
   509 | D        | Bought a scroll of enchant weapon for 82 gold pieces
   509 | D        | Bought a scroll of blinking for 82 gold pieces
   509 | D        | Bought a scroll of enchant weapon for 82 gold pieces
   548 | D        | Noticed a kobold demonologist
   549 | D        | Noticed a kobold demonologist
   551 | D        | Reached skill level 10 in Armour
   555 | D        | Killed a kobold demonologist
   555 | D        | Reached *** piety under Trog
   560 | D        | Noticed a red devil
   561 | D        | Killed a kobold demonologist
   561 | D        | Reached **** piety under Trog
   562 | D        | Reached XP level 8. HP: 83/83 MP: 7/7
   635 | D        | Noticed Sonja
   641 | D        | Killed Sonja
   659 | D        | Found Xappeva's Assorted Antiques.
   667 | D        | Bought a dark potion for 19 gold pieces
   667 | D        | Bought a forked bone wand for 88 gold pieces
   667 | D        | Bought a scroll labelled NULUARGH BAYNUV for 22 gold pieces
   667 | D        | Bought 3 scrolls labelled BOT URO TOQIGH for 66 gold pieces
   731 | D        | Noticed a deep troll
   737 | D        | Killed a deep troll
   738 | D        | Reached XP level 9. HP: 93/93 MP: 8/8
   747 | D        | Found Rocin's Armour Emporium.
   756 | D        | Bought a +0 pair of boots for 45 gold pieces
   782 | D        | Noticed a centaur warrior
   782 | D        | Noticed a centaur warrior
   799 | D        | Killed a centaur warrior
   804 | D        | Killed a centaur warrior
   805 | D        | Reached skill level 5 in Throwing
  1043 | D        | Gained mutation: You have an increased reservoir of magic.
                  | (+10% MP) [potion of mutation]
  1043 | D        | Gained mutation: You have hidden genetic potential. [potion
                  | of mutation]
  1102 | D        | Noticed an oklob plant
  1110 | D        | Killed an oklob plant
  1111 | D        | Reached XP level 10. HP: 94/104 MP: 10/10
  1167 | D        | Reached skill level 15 in Axes
  1299 | D        | Reached ***** piety under Trog
  1300 | D        | Reached skill level 15 in Fighting
  1317 | D        | Reached skill level 15 in Armour
  1321 | D        | Received a gift from Trog
  1362 | D        | Gained mutation: You are strong-willed. (Will+) [hidden
                  | potential]
  1364 | D        | Identified a scroll of acquirement
  1365 | D        | Acquired the +8 Wrath of Trog {antimagic, *Rage Rampage}
  1365 | D        | Found the +8 Wrath of Trog {antimagic, *Rage Rampage}
  1373 | D        | Found Ceis Dic's Distillery.
  1373 | D        | Found Mequ's Antique Armour Shop.
  1373 | D        | Found Qyeq's Weapon Boutique.
  1375 | D        | Found Ciyg's Antique Weapon Emporium.
  1375 | D        | Found Xinaulirch's Antique Armour Shop.
  1375 | D        | Found Posoen's Weapon Shoppe.
  1375 | D        | Found Aphy's Antique Weapon Boutique.
  1375 | D        | Found Kouh's Armour Emporium.
  1375 | D        | Found Acvipiet's Weapon Shop.
  1375 | D        | Found Veemug Wod's Magic Scroll Shoppe.
  1379 | D        | Found Zegg's Jewellery Boutique.
  1380 | D        | Found Sebluh's Weapon Emporium.
  1380 | D        | Found Zodghoen's Assorted Antiques.
  1381 | D        | Bought a brightly glowing tower shield for 190 gold pieces
  1381 | D        | Identified the +2 tower shield "Nofrea" {+Blink Will+} (You
                  | bought it in a shop in the Dungeon)
  1381 | D        | Bought a pair of embroidered gloves for 150 gold pieces
  1391 | D        | Found Ybiapt's Jewellery Emporium.
  1399 | D        | Bought a black potion for 19 gold pieces
  1399 | D        | Bought a scroll labelled VESCHE NOTOG for 22 gold pieces
  1406 | D        | Bought a scroll of acquirement for 728 gold pieces
  1406 | D        | Acquired the amulet "Istrodeo" {Reflect rF+ rC+ SH+5
                  | Stlth-}
  1418 | D        | Bought a glowing plate armour for 572 gold pieces
  1431 | D        | Bought a ring of flight for 210 gold pieces
  1437 | D        | Bought a scroll of identify for 28 gold pieces
  1437 | D        | Bought a scroll of enchant weapon for 105 gold pieces
  1437 | D        | Bought a scroll of identify for 28 gold pieces
  1450 | D        | Bought a potion of resistance for 140 gold pieces
  1589 | D        | Noticed a demonic crawler
  1589 | D        | Noticed a demonic crawler
  1589 | D        | Noticed a demonic crawler
  1589 | D        | Noticed a demonic crawler
  1590 | D        | Killed a demonic crawler
  1594 | D        | Killed a demonic crawler
  1596 | D        | Killed a demonic crawler
  1597 | D        | Killed a demonic crawler
  1609 | D        | Noticed a lindwurm
  1614 | D        | Killed a lindwurm
  1661 | D        | Reached XP level 11. HP: 115/115 MP: 3/11
  1662 | D        | Received a gift from Trog
  1670 | D        | Reached ****** piety under Trog
  1671 | D        | Received a gift from Trog
  1673 | D        | Reached skill level 10 in Throwing
  1688 | D        | Noticed a 12-headed hydra
  1695 | D        | Killed an 18-headed hydra
  1695 | D        | Paralysed by a floating eye for 3 turns
  1706 | D        | Gained mutation: Your mind is acute. (Int +4, Str/Dex -1)
                  | [hidden potential]
  1706 | D        | Lost mutation: You have hidden genetic potential. [hidden
                  | potential expressed]
  1864 | D        | Noticed a deep elf annihilator
  1872 | D        | Reached skill level 1 in Shields
  1873 | D        | Killed a deep elf annihilator
  1873 | D        | Received a gift from Trog
  1882 | D        | Identified the +11 executioner's axe of Morality {flame,
                  | rElec rPois} (Trog gifted it to you in the Dungeon)
  1882 | D        | Received a gift from Trog
  1897 | D        | Reached skill level 5 in Shields
  1948 | D        | Noticed a mummy priest
  1949 | D        | Noticed an oklob plant
  1957 | D        | Killed an oklob plant
  1959 | D        | Killed a mummy priest
  2151 | D        | Killed a lorocyproca
  2366 | D        | Bought a scroll of identify for 28 gold pieces
  2366 | D        | Bought a scroll of identify for 28 gold pieces
  2366 | D        | Bought a scroll of identify for 28 gold pieces
  2371 | D        | Bought a scroll of enchant armour for 165 gold pieces
  2387 | D        | Bought a potion of heal wounds for 70 gold pieces
  2387 | D        | Bought a potion of heal wounds for 70 gold pieces
  2387 | D        | Bought a potion of heal wounds for 70 gold pieces
  2390 | D        | Bought the +2 cloak of the Thief {*Fog Slay-2 SInv Stlth+}
                  | for 402 gold pieces
  2390 | D        | Found the +2 cloak of the Thief {*Fog Slay-2 SInv Stlth+}
  2404 | D        | Bought a +4 ring of slaying for 936 gold pieces
  2574 | D        | Noticed a shadow dragon
  2574 | D        | Noticed a golden dragon
  2580 | D        | Killed a golden dragon
  2581 | D        | Reached XP level 12. HP: 129/129 MP: 1/12
  2585 | D        | Killed a shadow dragon
  2670 | D        | Found Intov's Antique Weapon Shoppe.
  2741 | D        | Noticed the 27-headed Lernaean hydra
  2754 | D        | Noticed a deep elf master archer
  2851 | D        | HP: 3/195 [the 26-headed Lernaean hydra (12)]
  2853 | D        | Slain by the 26-headed Lernaean hydra

Illustrated notes

Levels and vault maps discovered:
D:        dungeon_sprint_1 [red_sonja_temple_1, red_sonja_temple_small_1]

Skill      XL: |  1  2  3  4  5  6  7  8  9 10 11 12 |
---------------+-------------------------------------+-----
Fighting       | 5 6 8 9 10 11 13 14 16 18 19 | 19.1
Axes           | 5 6 8 9 10 11 13 14 16 18 19 | 19.1
Armour         | 4 6 8 9 11 13 14 16 18 | 18.9
Evocations     | 2 4 5 6 7 8 |  8.0
Throwing       | 3 6 9 10 | 10.0
Shields        | 8 |  8.8
Dodging        | |  2.1

Action                     |  1- 3 |  4- 6 |  7- 9 | 10-12 || total
---------------------------+-------+-------+-------+-------++-------
  Melee: Hand axe          |     9 |    15 |       |       ||    24
         Headbutt          |     3 |     5 |    10 |    19 ||    37
         Halberd           |       |    10 |    44 |    12 ||    66
         Broad axe         |       |       |       |    71 ||    71
 Invoke: Berserk           |     2 |     3 |     6 |     8 ||    19
         Brothers in Arms  |       |       |       |     6 ||     6
  Evoke: Wand              |       |       |     5 |     2 ||     7
    Use: Scroll            |       |     1 |     4 |    18 ||    23
         Potion            |       |       |     2 |     1 ||     3
   Stab: Paralysed         |       |       |     4 |       ||     4
 Armour: Leather armour    |       |     6 |       |       ||     6
         Ring mail         |       |       |    13 |    28 ||    41
         Plate armour      |       |       |       |   160 ||   160
  Dodge: Dodged            |     2 |     3 |    16 |    48 ||    69
  Block: Tower shield      |       |       |       |   102 ||   102
         Reflection        |       |       |       |     3 ||     3

Table legend: (Time is in decaauts)
 A = Elapsed time spent in this place.
 B = Non-inter-level travel time spent in this place.
 C = Inter-level travel time spent in this place.
 D = Time resting spent in this place.
 E = Time spent auto-exploring this place.
 F = Levels seen in this place.
 G = Mean time per level.
                   A        B        C        D        E       F      G
               +--------+--------+--------+--------+--------+-----+--------+
         Total |   3030 |   2977 |     53 |   1273 |      0 |   1 | 3030.0 |
       Dungeon |   3030 |   2977 |     53 |   1273 |      0 |   1 | 3030.0 |
               +--------+--------+--------+--------+--------+-----+--------+

Top non-repeatable levels by time:
       D: 3030 daAuts
